 Dungeon Crawl Stone Soup version 0.16-a0-4111-gf762223 (webtiles) character file.

135 Malachi the Cudgeler (level 4, 0/34 HPs)
             Began as a Demonspawn Gladiator on Feb 26, 2015.
             Succumbed to an adder's poison
             ... on level 2 of the Dungeon.
             The game lasted 00:04:19 (1688 turns).

Malachi the Cudgeler (Demonspawn Gladiator)         Turns: 1688, Time: 00:04:20

Health: 0/34       AC:  6    Str: 17      XL:     4   Next: 96%
Magic:  4/4        EV: 13    Int:  9      God:
Gold:   88         SH:  0    Dex: 12 (13) Spells: 0 memorised, 3 levels left

rFire  + . .     SeeInvis .     p - +0 dagger
rCold  + . .     Clarity  .     b - +0 leather armour
rNeg   . . .     SustAb   .     (no shield)
rPois  +         Gourm    .     c - +0 helmet
rElec  +         Spirit   .     (no cloak)
rCorr  +         Warding  .     (no gloves)
rMut   .         Stasis   .     (no boots)
MR     .....                    (no amulet)
Stlth  ++........               (no ring)
                                (no ring)

@: lethally poisoned (0 -> -6), resistant, not resistant to hostile
enchantments, unstealthy
A: yellow scales 1, nightstalker 1
a: no special abilities


You were on level 2 of the Dungeon.
You were not hungry.

You visited 1 branch of the dungeon, and saw 2 of its levels.

You collected 88 gold pieces.

Inventory:

Hand weapons
 a - a +0 flail
 p - a +0 dagger (weapon)
 t - a +2 whip of flaming
Missiles
 g - 2 throwing nets (quivered)
Armour
 b - a +0 leather armour (worn)
 c - a +0 helmet (worn)
Scrolls
 e - 3 scrolls of identify {unknown}
 h - a scroll of remove curse {unknown}
 i - a scroll of teleportation {unknown}
 k - a scroll of fog {unknown}
 l - a scroll of enchant armour {unknown}
 m - a scroll of immolation {unknown}
Potions
 q - a potion of brilliance
Comestibles
 f - 2 bread rations
 n - a slice of pizza
 o - a royal jelly
 r - a meat ration


   Skills:
 + Level 2.6 Fighting
 - Level 3.5 Maces & Flails
 + Level 2.0 Throwing
 + Level 1.0 Armour
 + Level 3.5 Dodging
 * Level 1.5 Stealth


You had 3 spell levels left.
You didn't know any spells.

Dungeon Overview and Level Annotations

Branches:
Dungeon (2/15)

Altars:
Dithmenos


Innate Abilities, Weirdness & Mutations

You are partially covered in yellow scales (AC +2).
You are slightly more attuned to the shadows.


Message History

* * * LOW HITPOINT WARNING * * *
The adder bites you.
* * * LOW HITPOINT WARNING * * *
You are more poisoned.
The adder poisons you!
* * * LOW HITPOINT WARNING * * *
You feel sick. The hobgoblin misses you. The adder closely misses you.
* * * LOW HITPOINT WARNING * * *
You feel sick.
Drink which item? (? for menu, Esc to quit)
It was a potion of degeneration.
There was something very wrong with that liquid.
You feel clumsy.
* * * LOW HITPOINT WARNING * * *
You feel sick. The adder closely misses you.
Drink which item? (? for menu, Esc to quit)
It was a potion of resistance.
You feel protected.
You die...

####.......÷# ##......
..##...>....###.......
#..#.................##
............###........
....###.###..........#..
.......<....##.(........ #.#
.÷÷#.#....####.#.....#.. #.#
..........####)gS....# #.#
.###.#....#.....@....#### ### ...
.###........###.........###.# #.#
..........###.............<.###.#
##........##.............###..#.#
.....................[..####..#.#
#####......(.###......#.##......#
# ###..##>.......######.##......#
#.........(...### #....#..#..
#.##.)#.........# ##...#.....


You could see an adder and a hobgoblin.

Vanquished Creatures
  Sigmund (D:2)
  An adder (D:2)
  A worm (D:2)
  An adder skeleton (D:2)
  A ball python (D:2)
  7 bats
  A giant cockroach (D:1)
  7 hobgoblins
  A jackal (D:1)
  2 quokkas (D:2)
  2 giant geckos
  8 goblins
  5 kobolds
  9 rats
47 creatures vanquished.

Notes
Turn   | Place    | Note
--------------------------------------------------------------
     0 | D:1      | Malachi, the Demonspawn Gladiator, began the quest for the Orb.
     0 | D:1      | Reached XP level 1. HP: 16/16 MP: 1/1
   102 | D:1      | Reached skill level 3 in Maces & Flails
   140 | D:1      | Gained mutation: You are partially covered in yellow scales (AC +2). [demonic ancestry]
   140 | D:1      | Reached XP level 2. HP: 22/22 MP: 2/2
   763 | D:2      | Reached XP level 3. HP: 27/27 MP: 3/3
   777 | D:2      | Noticed Sigmund
   805 | D:2      | Killed Sigmund
   805 | D:2      | Reached skill level 1 in Stealth
   805 | D:2      | Gained mutation: You are slightly more attuned to the shadows. [demonic ancestry]
   805 | D:2      | Reached XP level 4. HP: 2/34 MP: 4/4
  1056 | D:2      | Found a shadowy altar of Dithmenos.
  1234 | D:2      | Reached skill level 1 in Armour
  1687 | D:2      | HP: 1/34 [poisoned by an adder]
  1688 | D:2      | Succumbed to an adder's poison

Action                   |  1- 3 |  4- 6 || total
-------------------------+-------+-------++-------
Melee: Flail             |   102 |    19 ||   121
       Dagger            |       |    95 ||    95
       Whip              |       |     3 ||     3
Throw: Throwing net      |     3 |     2 ||     5
  Use: Potion            |     2 |     2 ||     4
 Stab: Held in net/web   |     1 |     1 ||     2
       Sleeping          |       |     1 ||     1
  Eat: Chunk             |       |     3 ||     3
